 Dungeon Crawl Stone Soup version 0.31-a0-151-ge443d1f16c (webtiles) character file.

Game seed: 6090711713785065033

241 qw the Shooter (level 5, 0/46 HPs)
             Began as a Minotaur Hunter on June 8, 2023.
             Slain by a gnoll
             ... wielding a +0 spear
              (2 damage)
             ... on level 4 of the Dungeon.
             The game lasted 00:00:57 (2949 turns).

qw the Shooter (Minotaur Hunter)                    Turns: 2949, Time: 00:00:57

Health: 0/46       AC:  6    Str: 15    XL:     5   Next: 80%
Magic:  4/4        EV: 11    Int:  6    God:
Gold:   207        SH:  0    Dex: 16    Spells: 4/4 levels left

rFire   . . .        Y - +0 shortbow
rCold   . . .        (shield currently unavailable)
rNeg    . . .        f - +0 ring mail
rPois   .            (helmet restricted)
rElec   .            h - +0 cloak
rCorr   .            (no gloves)
SInv    .            (no boots)
Will    +....        a - amulet of faith
Stlth   +            g - ring of willpower
HPRegen 0.27/turn    (no ring)
MPRegen 0.09/turn

%: faith
@: no status effects
A: horns 2, retaliatory headbutt
a: no special abilities


You were on level 4 of the Dungeon.
You visited 1 branch of the dungeon, and saw 4 of its levels.

You collected 207 gold pieces.


Innate Abilities, Weirdness & Mutations

You have a pair of horns on your head.
You reflexively headbutt those who attack you in melee.


   Skills:
 - Level 4.2 Fighting
 + Level 7.0 Ranged Weapons
 - Level 1.0 Armour
 - Level 2.1 Dodging
 - Level 0.7 Stealth


You had 4 spell levels left.
You didn't know any spells.
Your spell library was empty.

Inventory:

Hand Weapons
 Y - a +0 shortbow (weapon)
Armour
 f - a +0 ring mail (worn)
 h - a +0 cloak (worn)
Jewellery
 a - an amulet of faith (around neck)
 c - an amulet of reflection
 g - a ring of willpower (left hand)
Scrolls
 e - 2 scrolls of identify
 m - a scroll of fog {unknown}
Potions
 b - a potion of magic {unknown}
 d - a potion of haste {unknown}
 i - a potion of resistance {unknown}
 j - a potion of curing {unknown}
 k - a potion of attraction {unknown}
 l - a potion of enlightenment {unknown}
 n - a potion of lignification {unknown}

Dungeon Overview and Level Annotations

Branches:
Dungeon (4/15)
 Temple: D:4-7

Altars:

Shops:
D:3 :   D:4 (


Message History

You shoot an arrow. The arrow closely misses the gnoll.
The gnoll hits you from afar with a +0 spear.
You shoot an arrow.
The arrow hits the gnoll but does no damage.
You shoot an arrow. The arrow barely misses the orc.
The orc hits you but does no damage. The gnoll misses you. x2
The orc hits you with a +0 flail. The gnoll closely misses you.
You shoot an arrow. The arrow hits the orc.
The orc is heavily wounded.
The gnoll hits you from afar with a +0 spear.
The gnoll closely misses you.
The gnoll hits you from afar with a +0 spear!
The orc closely misses you.
You shoot an arrow. The arrow hits the orc.
You kill the orc!
The gnoll hits you but does no damage.
The gnoll hits you from afar with a +0 spear.
The gnoll closely misses you.
You shoot an arrow. The arrow hits the gnoll.
The gnoll is heavily wounded.
The gnoll hits you from afar with a +0 spear.
The gnoll misses you.
An ogre comes into view. It is wielding a +0 giant spiked club.
The gnoll hits you from afar with a +0 spear.
You shoot an arrow. The arrow closely misses the gnoll.
The gnoll hits you from afar with a +0 spear.
The gnoll barely misses you. The gnoll closely misses you.
You shoot an arrow. The arrow hits the gnoll.
The gnoll is almost dead.
The gnoll barely misses you.
The gnoll hits you from afar with a +0 spear. x2
You shoot an arrow.
The arrow hits the gnoll but does no damage.
The gnoll is almost dead.
The gnoll hits you from afar with a +0 spear.
The gnoll completely misses you. The gnoll closely misses you.
You shoot an arrow. The arrow barely misses the gnoll.
The gnoll barely misses you.
The gnoll hits you from afar with a +0 spear. x2
You die...

.. .# #... .#
#.#.#.##
##......
#......# #.
#.#g#gg###...
#...)...O....
#...@)......
####%######.
###.####
#......#
#>#.##.#
#.#.##.##
#.#.#...# #.#
#.#...#.#
##.##
#.###...#
##...##


You could see an ogre and 3 gnolls.

Vanquished Creatures
  A howler monkey (D:4)
  A jelly (D:3)
  Natasha (twice) (D:3)
  4 adders (D:3)
  2 gnolls
  4 dart slugs
  2 orcs (D:4)
  4 endoplasms
  12 giant cockroaches
  3 goblins
  2 hobgoblins (D:2)
  A jackal (D:2)
  4 kobolds
  2 quokkas (D:1)
  6 ball pythons
  6 bats
  2 frilled lizards (D:1)
  6 rats
64 creatures vanquished.

Notes
Turn   | Place    | Note
-------+----------+-------------------------------------------
     0 | D:1      | qw the Minotaur Hunter began the quest for the Orb.
     0 | D:1      | Reached XP level 1. HP: 18/18 MP: 0/0
     0 | D:1      | 0 ||| qw: Version: 0.2-a-120-gdf1a93b
     0 | D:1      | 0 ||| qw: Game counter: 3049
     0 | D:1      | 0 ||| qw: Always use a shield: true
     0 | D:1      | 0 ||| qw: God list: Okawaru
     0 | D:1      | 0 ||| qw: Allow faded altars: false
     0 | D:1      | 0 ||| qw: Do Orc after D:15 true
     0 | D:1      | 0 ||| qw: Do second Lair branch before Depths: true
     0 | D:1      | 0 ||| qw: Lair rune preference: random
     0 | D:1      | 0 ||| qw: Plans: Normal
     0 | D:1      | 0 ||| PLANNING D:1-11
   273 | D:1      | Reached XP level 2. HP: 25/25 MP: 1/1
   299 | D:1      | Reached skill level 5 in Ranged Weapons
   642 | D:1      | Reached skill level 3 in Fighting
   946 | D:1      | 946 ||| UPGRADING to +0 ring mail.
   956 | D:1      | 956 ||| DROPPING +0 leather armour.
   957 | D:1      | 957 ||| UPGRADING to +0 cloak.
   962 | D:1      | 962 ||| UPGRADING to ring of willpower.
   963 | D:1      | 963 ||| READING scroll labelled BYXTEO NEEL.
   964 | D:1      | 964 ||| READING scroll labelled KEYW TIESE LUMAUR.
   969 | D:1      | 969 ||| DROPPING scroll of butterflies.
  1038 | D:2      | Reached XP level 3. HP: 31/31 MP: 2/2
  1133 | D:2      | Reached skill level 1 in Armour
  1181 | D:2      | 1181 ||| UPGRADING to amulet of faith.
  1673 | D:2      | 1673 ||| READING scroll labelled FOROAG XETIO.
  1674 | D:2      | 1674 ||| READING scroll labelled MAOSCH CYDOU.
  1729 | D:2      | 1729 ||| READING scroll labelled HYIDOKE KODGH.
  1797 | D:3      | Found Noutu's Book Shop.
  1863 | D:3      | 1863 ||| FLEEEEING.
  1864 | D:3      | 1864 ||| FLEEEEING.
  1886 | D:3      | Reached XP level 4. HP: 38/38 MP: 3/3
  1997 | D:3      | Reached skill level 6 in Ranged Weapons
  2314 | D:3      | Noticed Natasha
  2322 | D:3      | Killed Natasha
  2391 | D:3      | Noticed Natasha
  2395 | D:3      | 2395 ||| Stepping ~*~*~tactically~*~*~ (outnumbered).
  2402 | D:3      | Killed Natasha
  2403 | D:3      | Reached XP level 5. HP: 32/46 MP: 4/4
  2595 | D:3      | 2595 ||| READING scroll labelled AFFAMM QAYPLUIMABA.
  2696 | D:3      | 2696 ||| READING 2 scrolls labelled YXYRGHIT WIUSU DOSCH.
  2697 | D:3      | 2697 ||| DROPPING scroll of amnesia.
  2826 | D:4      | Found Hiptyer's Antique Weapon Shop.
  2939 | D:4      | Reached skill level 7 in Ranged Weapons
  2945 | D:4      | Noticed an ogre
  2945 | D:4      | HP: 11/46 [gnoll/+0 spear (2)]
  2947 | D:4      | HP: 4/46 [gnoll/+0 spear (4)]
  2949 | D:4      | Slain by a gnoll

Levels and vault maps discovered:
D:1:      amcnicky_arrival_underground_garden, layout_basic
D:2:      minmay_roachtagon, layout_loops_cross, st_stairs_13,
          due_unseen_surprise
D:3:      layout_basic, serial_shops, shop, uniq_natasha
D:4:      layout_loops_corners, serial_shops, nicolae_take_the_stairs,
          minmay_misc_feat_five

Skill      XL: |  1  2  3  4  5 |
---------------+----------------+-----
Ranged Weapons | 5 6 7 |  7.0
Fighting       | 3 4 |  4.2
Armour         | 1 |  1.0
Dodging        | |  2.1
Stealth        | |  0.7

Action                     |  1- 3 |  4- 6 || total
---------------------------+-------+-------++-------
   Fire: Shortbow          |   115 |    90 ||   205
    Use: Scroll            |     5 |     2 ||     7
 Armour: Leather armour    |     9 |       ||     9
         Ring mail         |    14 |     7 ||    21
  Dodge: Dodged            |    32 |    31 ||    63

Table legend:
 A = Non-vault XP
 B = Vault XP
 C = Vault XP percentage of total XP
 D = Non-vault monster count
 E = Vault monster count
 F = Vault count percentage of total count
                 A         B        C        D         E       F
            +---------+---------+-------+---------+---------+-------
      Total |     288 |      57 |  16.5 |      52 |      12 |  18.8
            +---------+---------+-------+---------+---------+-------
        D:1 |      40 |       0 |   0.0 |      17 |       0 |   0.0
        D:2 |      14 |      22 |  61.1 |       8 |      11 |  57.9
        D:3 |     158 |      35 |  18.1 |      20 |       1 |   4.8
        D:4 |      76 |       0 |   0.0 |       7 |       0 |   0.0
            +---------+---------+-------+---------+---------+-------
